AoeStats
← Kýlê

Black Forest

507126322Analyzed
3v3 RM · 17d ago on Sep 16, 2026· 57m 52s· 6 players
Game mode
Random Map
Map size
Normal (6 player)
Population
200
Speed
Normal
Resources
Standard
Victory
Conquest
Starting age
Dark Age
Ending age
Imperial Age
RankedLock teamsTeams togetherTeam positionsShared explorationLock speedFull tech treeHidden civsTurbo modeCheats
Victory
Defeat
🇹🇷 Koreans · Türkiye
917
+17
🇹🇷 Khmer · Türkiye
897
+13
🇹🇷 Teutons · Türkiye
885
+13
🇩🇪 Persians · Germany
839
-32
🇩🇪 Spanish · Germany
839
-32
🇩🇪 Franks · Germany
839
-32
Art of War
6:02 Loom
12:38 Feudal Age
16:54 Castle Age
15:03 Horse Collar
15:38 Gold Mining
17:47 Double-Bit Axe
18:58 Bow Saw
20:20 Heavy Plow
26:19 Stone Mining
27:12 Wheelbarrow
31:29 Imperial Age
29:01 Pikeman
30:04 Hand Cart
29:40 Town Watch
30:08 Forging
30:14 Squires
30:22 Husbandry
30:34 Bloodlines
30:21 Arson
31:45 Gold Shaft Mining
31:45 Stone Shaft Mining
31:53 Iron Casting
30:44 Elite Skirmisher
31:49 Kamandaran
32:26 Crop Rotation
31:43 Cavalier
32:03 Halberdier
33:56 Two-Man Saw
33:04 Caravan
34:11 Conscription
35:13 Blast Furnace
34:14 Scale Mail Armor
34:22 Scale Barding Armor
34:39 Thumb Ring
34:28 Savar
34:46 Capped Ram
36:04 Siege Ram
36:07 Onager
37:29 Heavy Scorpion
39:03 Chain Mail Armor
39:08 Chain Barding Armor
38:49 Padded Archer Armor
38:39 Fletching
38:59 Elite War Elephant
40:54 Plate Mail Armor
41:12 Hoardings
40:09 Sappers
40:50 Citadels
45:15 Bodkin Arrow
45:36 Leather Archer Armor
45:57 Plate Barding Armor
46:45 Light Cavalry
48:16 Hussar
55:52 Ring Archer Armor
56:27 Chemistry
55:39 Masonry
55:50 Ballistics
Kýlê
12:15 Feudal Age
12:50 Double-Bit Axe
12:50 Horse Collar
13:59 Wheelbarrow
20:03 Castle Age
19:00 Forging
21:02 Heavy Plow
22:12 Padded Archer Armor
22:01 Loom
25:16 Gold Mining
26:48 Fervor
28:37 Iron Casting
27:28 Light Cavalry
28:22 Caravan
29:20 Hand Cart
28:54 Town Watch
29:40 Stone Mining
30:52 Redemption
34:29 Imperial Age
32:25 Ballistics
32:39 Sanctity
33:17 Bow Saw
33:59 Coinage
33:42 Bloodlines
33:33 Husbandry
32:57 Pikeman
33:37 Squires
33:40 Devotion
33:41 Atonement
33:45 Town Patrol
34:19 Masonry
34:05 Murder Holes
34:30 Scale Barding Armor
34:40 Leather Archer Armor
36:18 Chemistry
36:32 Two-Man Saw
37:21 Blast Furnace
36:54 Ring Archer Armor
36:54 Illumination
37:47 Chain Barding Armor
37:18 Fletching
37:55 Conscription
37:00 Cavalier
38:22 Architecture
38:03 Fortified Wall
37:42 Arrowslits
40:21 Paladin
40:23 Hussar
41:08 Guard Tower
41:21 Elite Conquistador
45:56 Keep
45:34 Inquisition
virulus
0:40 Loom
14:44 Feudal Age
16:40 Double-Bit Axe
19:22 Wheelbarrow
23:02 Castle Age
25:51 Pikeman
26:31 Squires
34:37 Imperial Age
34:06 Husbandry
35:14 Cavalier
37:49 Bow Saw
39:02 Padded Archer Armor
38:52 Fletching
42:58 Gold Mining
43:48 Hand Cart
45:19 Paladin
51:58 Leather Archer Armor
51:38 Bodkin Arrow
51:53 Forging
51:44 Scale Mail Armor
51:50 Scale Barding Armor
76561198089966853
0:37 Loom
11:50 Feudal Age
13:20 Wheelbarrow
15:15 Castle Age
13:33 Double-Bit Axe
15:08 Wheelbarrow
16:00 Horse Collar
17:31 Hand Cart
20:13 Bow Saw
24:51 Heavy Plow
25:07 Gold Mining
27:20 Gold Shaft Mining
26:37 Stone Mining
28:31 Caravan
29:55 Stone Shaft Mining
29:27 Town Watch
32:58 Imperial Age
34:06 Town Patrol
34:52 Fletching
35:08 Scale Barding Armor
35:26 Ballistics
36:07 Chemistry
35:12 Siege Engineers
34:36 Heavy Scorpion
36:00 Bodkin Arrow
36:06 Padded Archer Armor
36:27 Chain Barding Armor
36:58 Bracer
37:29 Conscription
37:10 Double Crossbow
37:22 Crossbowman
38:29 Parthian Tactics
39:00 Arbalester
40:02 Leather Archer Armor
40:01 Masonry
40:30 Hoardings
40:11 Fortified Wall
43:47 Architecture
51:04 Chain Barding Armor
51:15 Ring Archer Armor
51:15 Elite Battle Elephant
seyyarvatandas
8:46 Loom
14:15 Feudal Age
15:27 Double-Bit Axe
19:26 Castle Age
17:39 Horse Collar
20:45 Bow Saw
24:22 Wheelbarrow
27:08 Gold Mining
28:37 Gold Shaft Mining
27:54 Stone Mining
32:42 Imperial Age
31:06 Treadmill Crane
33:12 Fletching
33:30 Scale Barding Armor
33:47 Hand Cart
33:44 Siege Engineers
36:18 Two-Man Saw
35:45 Ballistics
36:01 Shinkichon
35:21 Heavy Rocket Cart
36:49 Conscription
39:26 Elite War Wagon
40:36 Caravan
41:01 Bodkin Arrow
41:27 Chain Barding Armor
45:26 Chemistry
rabbuke
1:49 Loom
11:20 Feudal Age
11:49 Double-Bit Axe
11:59 Horse Collar
18:20 Castle Age
19:56 Heavy Plow
21:48 Bow Saw
28:35 Stone Mining
31:09 Wheelbarrow
35:21 Imperial Age
33:21 Gold Mining
34:14 Hand Cart
35:38 Masonry
35:37 Fletching
35:47 Padded Archer Armor
36:01 Squires
37:41 Two-Man Saw
37:14 Crop Rotation
37:30 Siege Engineers
37:19 Elite Skirmisher
37:57 Bodkin Arrow
38:18 Leather Archer Armor
38:14 Forging
38:04 Scale Mail Armor
38:26 Ballistics
38:22 Town Watch
40:06 Scale Barding Armor
42:11 Ring Archer Armor
42:16 Iron Casting
41:57 Chain Mail Armor
42:13 Elite Teutonic Knight
43:14 Conscription
44:34 Bloodlines
43:45 Cavalier
46:54 Blast Furnace
46:15 Chain Barding Armor
46:25 Plate Mail Armor
46:21 Paladin
50:52 Plate Barding Armor
Connection lost

Rejoining the realm…

Still unreachable

The connection could not be restored.

Session expired

The server has moved on; the page needs a fresh start.